 Dungeon Crawl Stone Soup version 0.31-a0-1576-ga3383bade6 (webtiles) character file.

Game seed: 2590544896079530928

526 Flugslaktarn the Apothecary (level 7, -4/41 HPs)
             Began as an Octopode Alchemist on Jan 4, 2024.
             Was an Initiate of Ashenzari.
             Killed from afar by Blork the orc (9 damage)
             ... with a puff of frost
             ... on level 5 of the Dungeon.
             The game lasted 00:03:56 (1184 turns).

Flugslaktarn the Apothecary (Octopode Alchemist)    Turns: 1184, Time: 00:03:57

Health: -4/41      AC: -3    Str:  8    XL:     7   Next: 23%
Magic:  1/13       EV: 13    Int: 17    God:    Ashenzari [......]
Gold:   106        SH:  0    Dex: 14    Spells: 9/14 levels left

rFire   . . .        h - +0 dagger (elec)
rCold   . . .        (no shield)
rNeg    . . .        (helmet restricted)
rPois   .            (no amulet)
rElec   .            p - +4 ring of protection
rCorr   .            (no ring)
SInv    .            (no ring)
Will    .....        (no ring)
Stlth   +++          (no ring)
HPRegen 0.26/turn    (no ring)
MPRegen 0.13/turn    (no ring)
                     (no ring)

%: no passive effects
@: about to teleport, corroded
A: almost no armour, amphibious, 8 rings, camouflage 1, gelatinous body 1,
(nimble swimmer 1), tentacles
a: Renounce Religion, Curse Item


You were on level 5 of the Dungeon.
You worshipped Ashenzari.
Ashenzari was noncommittal.
You visited 1 branch of the dungeon, and saw 5 of its levels.

You collected 126 gold pieces.
You spent 20 gold pieces at shops.

Inventory:

Hand Weapons
 b - a +0 dagger
   (You took it off a kobold on level 1 of the Dungeon)
 h - a +0 dagger of electrocution (weapon)
   (You took it off a goblin on level 1 of the Dungeon)
Missiles
 e - 2 throwing nets
Jewellery
 p - a +4 ring of protection (left tentacle)
   (You found it on level 1 of the Dungeon)
Wands
 r - a wand of flame (22)
   (You found it on level 5 of the Dungeon)
Scrolls
 c - a scroll of fog
 d - a scroll of enchant armour {unknown}
 f - a scroll of immolation
 k - a scroll of brand weapon {unknown}
 s - a scroll of poison {unknown}
 t - a scroll of teleportation
Potions
 a - a potion of magic
 g - a potion of attraction {unknown}
 i - a potion of mutation {unknown}
 j - a potion of lignification {unknown}
 l - a potion of enlightenment {unknown}
 m - a potion of heal wounds {unknown}
 n - a potion of resistance
 o - a potion of haste {unknown}
 q - a potion of berserk rage {unknown}


   Skills:
 - Level 2.0 Dodging
 - Level 2.6 Stealth
 + Level 4.3 Spellcasting
 - Level 1.0 Conjurations
 * Level 7.4 Alchemy


You had 9 spell levels left.
You knew the following spells:

 Your Spells              Type           Power      Damage    Failure   Level
a - Sting                 Conj/Alch      72%        1d7       2%          1
b - Olgreb's Toxic Radia  Alch           29%        N/A       7%          4

Your spell library contained the following spells:

 Spells                   Type           Power      Damage    Failure   Level
 Mercury Vapours          Alch/Air       32%        N/A       4%          2
 Mephitic Cloud           Conj/Alch/Air  13%        N/A       14%         3
 Sticky Flame             Fire/Alch      16%        2d5       32%         4


Dungeon Overview and Level Annotations

Branches:
Dungeon (5/15)
 Temple: D:4-7

Altars:
Ashenzari
Cheibriados

Shops:
D:4 ?

Annotations:
D:3 1 runed translucent door, Crazy Yiuf
D:4 Pargi
D:5 Blork the orc


Innate Abilities, Weirdness & Mutations

You cannot wear most types of armour.
You are amphibious.
You can wear up to eight rings at the same time.
Your skin changes colour to match your surroundings (Stealth+).
Your rubbery body absorbs attacks. (AC +1, EV +1)
((You are camouflaged when in or above water. (Stealth+)))
You have tentacles for arms and can constrict up to eight enemies at once.


Message History

Aiming: Sting (safe; 3% risk of failure)
Press: ? - help, Shift-Dir - straight line, f/p - scorpion
Aim: a scorpion (almost dead, very poisoned, 74% to hit)
The sting hits the scorpion.
The scorpion looks even sicker.
You kill the scorpion!
Your Spellcasting skill increases to level 4!
No target in view!
A black bear comes into view.
The black bear growls angrily.
You see here a scorpion corpse.
Casting: Sting (safe; 3% risk of failure)
Confirm with . or Enter, or press ? or * to list all spells.
You begin to radiate toxic energy.
The black bear is poisoned.
The black bear looks even sicker.
Casting: Olgreb's Toxic Radiance (quite dangerous; 9% risk of failure)
Confirm with . or Enter, or press ? or * to list all spells.
Your toxic radiance grows in intensity.
Unknown command.
You see here a scorpion corpse.
The black bear looks even sicker.
Your toxic aura wanes.
You hear the slow hiss of a very distant avalanche of sand.
Casting: Olgreb's Toxic Radiance (quite dangerous; 9% risk of failure)
Confirm with . or Enter, or press ? or * to list all spells.
Aiming: Sting (safe; 3% risk of failure)
Press: ? - help, Shift-Dir - straight line, f - black bear
Aim: a black bear (severely wounded, very poisoned, 81% to hit)
The sting hits the black bear.
The black bear looks as sick as possible!
The black bear is severely wounded.
Casting: Sting (safe; 3% risk of failure)
Confirm with . or Enter, or press ? or * to list all spells.
You don't have enough magic to cast this spell.
You kill the black bear!
Your Alchemy skill increases to level 7!
You have reached level 7!
You see here a scorpion corpse.
A jelly comes into view.
Found 13 gold pieces and 5 poisoned darts.
The jelly quivers.
Found a book of Burglary.
Press: ? - help, v - describe, . - travel The floor.
Press: ? - help, v - describe, . - travel, g - get item Item here: a book of Burglary.
The floor.
You hit the jelly. The acid corrodes you!
Your tentacles burn!
You squeeze the jelly, but do no damage.
The jelly is lightly wounded.
The jelly closely misses you.
You hit the jelly but do no damage.
Your tentacles burn!
The jelly is lightly wounded.
The jelly hits you. The acid corrodes you!
You are splashed with acid!
Blork the orc comes into view.
He is wielding a +0 battleaxe.
Blork the orc shouts!
You hit the jelly but do no damage.
Your tentacles burn!
You squeeze the jelly.
The jelly is heavily wounded.
The jelly hits you.
You are splashed with acid!
* * * LOW HITPOINT WARNING * * *
Blork the orc mumbles some strange words.
Blork the orc seems to speed up.
Casting: Sting (safe; 2% risk of failure)
Confirm with . or Enter, or press ? or * to list all spells.
Aiming: Sting (safe; 2% risk of failure)
Press: ? - help, Shift-Dir - straight line, f - jelly
Aim: a jelly (heavily wounded, 100% to hit)
The sting hits the jelly.
The jelly partially resists.
The jelly is poisoned.
The jelly is heavily wounded.
The jelly hits you.
* * * LOW HITPOINT WARNING * * *
You are splashed with acid!
* * * LOW HITPOINT WARNING * * *
Blork the orc screams, "You are the ugliest creature I've ever seen!"
Casting: Sting (safe; 2% risk of failure)
Confirm with . or Enter, or press ? or * to list all spells.
Aiming: Sting (safe; 2% risk of failure)
Press: ? - help, Shift-Dir - straight line, f/p - jelly
Aim: a jelly (heavily wounded, poisoned, 100% to hit)
The sting hits the jelly.
The jelly partially resists.
The jelly looks even sicker.
The jelly is severely wounded.
The jelly barely misses you.
Casting: Sting (safe; 2% risk of failure)
Confirm with . or Enter, or press ? or * to list all spells.
Aiming: Sting (safe; 2% risk of failure)
Press: ? - help, Shift-Dir - straight line, f/p - jelly
Aim: a jelly (severely wounded, very poisoned, 100% to hit)
The sting hits the jelly.
The jelly partially resists.
The jelly looks even sicker.
The jelly is almost dead.
You kill the jelly!
Okay, then.
Okay, then.
Okay, then.
Blork the orc looks satisfied for a moment.
As you read the scroll of teleportation, it crumbles to dust.
You feel strangely unstable.
Blork the orc gestures at you while chanting.
The puff of frost hits you!
You die...

###...###......#
##..........#
###.....#..#
###...#.# ##....#
###†.### #....##
##..o..##
#.@##...##
#..###o..## #
##...$.....####.:..
.................#
##............####
#...........##
#..........##
#....(.....#
#..........#


You could see Blork the orc (fast).

Vanquished Creatures
  Sigmund (D:4)
  A black bear (D:5)
  A scorpion (D:5)
  A bombardier beetle (D:3)
  A jelly (D:5)
  An iguana (D:4)
  5 adders
  3 dart slugs
  5 orcs
  A bat (D:3)
  8 endoplasms
  2 giant cockroaches
  2 goblins (D:1)
  5 hobgoblins
  5 jackals
  6 kobolds
  2 quokkas
  A ball python (D:2)
  5 frilled lizards
  3 rats
59 creatures vanquished.

Notes
Turn   | Place    | Note
-------+----------+-------------------------------------------
     0 | D:1      | Flugslaktarn the Octopode Alchemist began the quest for the
                  | Orb.
     0 | D:1      | Reached XP level 1. HP: 11/11 MP: 3/3
    62 | D:1      | Reached XP level 2. HP: 16/17 MP: 0/5
   151 | D:1      | Reached skill level 4 in Alchemy
   237 | D:2      | Reached XP level 3. HP: 16/21 MP: 0/6
   278 | D:2      | You fall into a shaft and drop 2 floors!
   278 | D:4      | Found a broken altar of Ashenzari.
   305 | D:4      | Became a worshipper of Ashenzari the Shackled
   327 | D:4      | Noticed Pargi
   353 | D:3      | Found a snail-covered altar of Cheibriados.
   360 | D:3      | Reached XP level 4. HP: 15/27 MP: 3/8
   380 | D:3      | Learned a level 4 spell: Olgreb's Toxic Radiance
   657 | D:3      | Reached skill level 5 in Alchemy
   697 | D:4      | Reached XP level 5. HP: 11/31 MP: 0/9
   742 | D:4      | Noticed Sigmund
   947 | D:3      | Found a runed translucent door.
   948 | D:3      | Noticed Crazy Yiuf
  1065 | D:4      | Killed Sigmund
  1066 | D:4      | Reached skill level 6 in Alchemy
  1066 | D:4      | Reached XP level 6. HP: 29/36 MP: 4/11
  1081 | D:4      | Found Dubreck's Magic Scroll Shop.
  1092 | D:4      | Bought a scroll of identify for 20 gold pieces
  1102 | D:5      | Entered Level 5 of the Dungeon
  1145 | D:5      | Noticed a black bear
  1154 | D:5      | Killed a black bear
  1155 | D:5      | Reached skill level 7 in Alchemy
  1155 | D:5      | Reached XP level 7. HP: 41/41 MP: 0/13
  1177 | D:5      | Noticed Blork the orc
  1184 | D:5      | Killed from afar by Blork the orc

Illustrated notes

Levels and vault maps discovered:
D:1:      eino_arrival_cavern_d, layout_basic
D:2:      layout_rooms, minmay_pentomino_q2
D:3:      layout_basic, slow_altar_1, feat_on_display, uniq_crazy_yiuf_cottage
D:4:      layout_rooms, nicolae_ashenzari_panopticon, serial_shops, shop,
          nicolae_shop_self_help, uniq_pargi, uniq_eustachio, uniq_sigmund
D:5:      layout_cave_pods, minmay_temple_entry_statues_fountains,
          enter_ossuary_5, nicolae_sextant, dk_rats_in_the_wall,
          uniq_blork_the_orc, uniq_prince_ribbit1

Skill      XL: |  1  2  3  4  5  6 |
---------------+-------------------+-----
Alchemy        | 4 5 6 7 |  7.4
Spellcasting   | 3 4 |  4.3
Dodging        | |  2.0
Stealth        | |  2.6
Conjurations   | |  1.0

Action                     |  1- 3 |  4- 6 |  7- 9 || total
---------------------------+-------+-------+-------++-------
  Melee: Unarmed           |     4 |       |       ||     4
         Constrict         |    14 |     7 |       ||    21
         Tentacles         |    10 |    11 |     2 ||    23
         Dagger            |    31 |    40 |     3 ||    74
         Punch             |     2 |       |       ||     2
   Cast: Sting             |    25 |    41 |     3 ||    69
         Olgreb's Toxic Ra |       |     2 |       ||     2
    Use: Scroll            |       |     4 |     1 ||     5
 Armour: Skin              |    26 |    32 |     4 ||    62
  Dodge: Dodged            |    38 |    39 |     2 ||    79

Table legend: (Time is in decaauts)
 A = Elapsed time spent in this place.
 B = Non-inter-level travel time spent in this place.
 C = Inter-level travel time spent in this place.
 D = Time resting spent in this place.
 E = Time spent auto-exploring this place.
 F = Levels seen in this place.
 G = Mean time per level.
                   A        B        C        D        E       F      G
               +--------+--------+--------+--------+--------+-----+--------+
         Total |   1182 |   1079 |    103 |      0 |    239 |   5 |  236.4 |
       Dungeon |   1182 |   1079 |    103 |      0 |    239 |   5 |  236.4 |
               +--------+--------+--------+--------+--------+-----+--------+

Top non-repeatable levels by time:
     D:3: 445 daAuts
     D:4: 265 daAuts
     D:1: 261 daAuts
     D:2: 128 daAuts
     D:5: 81 daAuts
